 Dungeon Crawl Stone Soup version 0.28.0-47-ge53b351184 (webtiles) character file.

Game seed: 1684588393184785832

1 CryoSword the Chiller (level 1, -2/13 HPs)
             Began as a Demonspawn Ice Elementalist on Apr 26, 2022.
             Frozen to death by an endoplasm (5 damage)
             ... on level 1 of the Dungeon.
             The game lasted 00:00:15 (38 turns).

CryoSword the Chiller (Demonspawn Ice Elementalist)   Turns: 38, Time: 00:00:15

Health: -2/13      AC:  2    Str:  8    XL:     1   Next: 16%
Magic:  1/3        EV: 12    Int: 16    God:
Gold:   0          SH:  0    Dex: 13    Spells: 3/4 levels left

rFire   . . .      SeeInvis .   (no weapon)
rCold   . . .      Faith    .   (no shield)
rNeg    . . .      Spirit   .   a - +0 robe
rPois   .          Reflect  .   (no helmet)
rElec   .          Harm     .   (no cloak)
rCorr   .          Rampage  .   (no gloves)
Will    .....                   (no boots)
Stlth   ++........              (no amulet)
HPRegen 0.04/turn               (no ring)
MPRegen 0.08/turn               (no ring)

@: no status effects
A: no striking features
a: no special abilities


You were on level 1 of the Dungeon.
You visited 1 branch of the dungeon, and saw 1 of its levels.

Inventory:

Armour
 a - a +0 robe (worn)
Scrolls
 b - a scroll of identify {unknown}


   Skills:
 - Level 1.7 Dodging
 - Level 1.7 Stealth
 - Level 2.0 Spellcasting
 + Level 3.6 Ice Magic


You had 3 spell levels left.
You knew the following spells:

 Your Spells              Type           Power      Damage    Failure   Level
a - Freeze                Ice            52%        1d7       4%          1

Your spell library contained the following spells:

 Spells                   Type           Power      Damage    Failure   Level
 Frozen Ramparts          Ice            26%        1d4       14%         3
 Ozocubu's Armour         Ice            13%        N/A       14%         3
 Hailstorm                Conj/Ice       7%         3d4       67%         4


Dungeon Overview and Level Annotations

Branches:
Dungeon (1/15)

Altars:


Message History

Welcome, CryoSword the Demonspawn Ice Elementalist.
They say the Orb of Zot lies within this dungeon, but they say a lot of things.
Found a staircase leading out of the dungeon.
There is a fountain of clear blue water here.
Could not explore, unopened door.
Could not explore, unopened door.
You open the large door.
There is a fountain of clear blue water here.
Could not explore, unopened door.
You open the door.
Found a robe.
There is an open door here.
b - a scroll labelled DUSSIE JOSU
Found a stone staircase leading down.
A bat comes into view.
A bat is nearby!
A bat is nearby!
Found a wooden ring. 2 endoplasms come into view.
Found 4 gold pieces.
A frilled lizard comes into view.
Found a dark potion.
The frilled lizard hisses angrily.
The endoplasm quivers.
The endoplasm freezes you.
You are frozen.
Unknown command.
The bat barely misses you. The bat closely misses you.
The bat closely misses you.
Aim: a bat You freeze the bat.
The bat hits you.
Aim: an endoplasm You freeze the endoplasm.
The bat hits you but does no damage. The bat barely misses you.
The endoplasm freezes you.
You are frozen.
Aim: an endoplasm (almost dead)
You freeze the endoplasm.
You kill the endoplasm!
The bat hits you.
* * * LOW HITPOINT WARNING * * *
The bat hits you.
* * * LOW HITPOINT WARNING * * *
You don't have enough magic to cast this spell.
The bat closely misses you. The bat barely misses you.
The bat barely misses you. The bat hits you but does no damage.
The endoplasm hits you.
* * * LOW HITPOINT WARNING * * *
You completely miss the endoplasm. The endoplasm freezes you.
You are frozen.
You die...

##⌠##...###
#+#..#.# ####
#+#....# ...
##.##...#
###.##...##.l####
##.#....8...b...l#
#........#.##.##b#
.....#.###.##.##J#
.......# #.##.##@#
$....#.# #.##.##.#
.=.l##.# #.##.>..#
.#.# #.# #.####..#
#. #.# #.# #... l
..# #.#. . ... #.
. . #! #. .#


You could see an endoplasm, a bat and a frilled lizard.

Vanquished Creatures
  An endoplasm (D:1)
1 creature vanquished.

Notes
Turn   | Place    | Note
-------+----------+-------------------------------------------
     0 | D:1      | CryoSword the Demonspawn Ice Elementalist began the quest
                  | for the Orb.
     0 | D:1      | Reached XP level 1. HP: 13/13 MP: 3/3
    38 | D:1      | Frozen to death by an endoplasm

Illustrated notes

Levels and vault maps discovered:
D:1:      grunt_arrival_crossed_arrows, layout_loops_ring, st_stairs_9

Action                   || total
-------------------------++-------
Melee: Unarmed           ||     1
 Cast: Freeze            ||     3
Armor: Robe              ||     2
Dodge: Dodged            ||     7
